 Dungeon Crawl Stone Soup version 0.31-a0-986-g5e6e4ef867 (webtiles) character file.

Game seed: 1513005359964086999

2208 serber55 the Slasher (level 9, -2/103 HPs)
             Began as a Demonspawn Monk on Nov 15, 2023.
             Was a Believer of Makhleb.
             Slain by a two-headed ogre
             ... wielding a +0 giant club
              (9 damage)
             ... on level 8 of the Dungeon.
             The game lasted 00:21:46 (7024 turns).

serber55 the Slasher (Demonspawn Monk)              Turns: 7024, Time: 00:21:47

Health: -2/103     AC: 24    Str: 21    XL:     9   Next: 13%
Magic:  11/11      EV:  2    Int: 13    God:    Makhleb [**....]
Gold:   84         SH:  0    Dex: 15    Spells: 8/8 levels left

rFire   + . .        a - +0 falchion (venom)
rCold   . . .        d - orb {light}
rNeg    . . .        q - melded +0 leather armour
rPois   +            (helmet currently unavailable)
rElec   .            f - melded +1 cloak
rCorr   .            m - melded +0 pair of gloves
SInv    .            (boots currently unavailable)
Will    .....        (no amulet)
Stlth   +            i - +6 ring of strength
HPRegen 0.37/turn    r - ring "Fyileun" {rPois rF+}
MPRegen 0.24/turn

%: no passive effects
@: tree-form, glowing
A: stationary, stasis, torment immunity, boosted hp, (horns 2), demonic guardian
1, magic regeneration
a: Renounce Religion, Minor Destruction


You were on level 8 of the Dungeon.
You worshipped Makhleb.
Makhleb was pleased with you.
You were a tree.
You visited 2 branches of the dungeon, and saw 9 of its levels.
You also visited: Sewer.

You collected 526 gold pieces.
You spent 442 gold pieces at shops.

Inventory:

Hand Weapons
 a - a +0 falchion of venom (weapon)
Missiles
 j - 3 poisoned darts (quivered)
Armour
 d - an orb of light (worn)
 f - a +1 cloak (melded)
 m - a +0 pair of gloves (melded)
 q - a +0 leather armour (melded)
Jewellery
 i - a +6 ring of strength (left branch)
 r - the ring "Fyileun" (right branch) {rPois rF+}
   (You bought it in a shop on level 7 of the Dungeon)

   [ring of poison resistance]

   rF+:       It protects you from fire.
   rPois:     It protects you from poison
 y - a ring of see invisible
Scrolls
 b - 2 scrolls of vulnerability
 g - a scroll of teleportation
 k - 2 scrolls of identify
 l - 2 scrolls of blinking
 t - a scroll of revelation
 u - 3 scrolls of poison
 v - a scroll of amnesia
 w - a scroll of fear
Potions
 c - 2 potions of might
 e - a potion of curing
 h - 2 potions of haste
 n - 2 potions of cancellation
 s - a potion of enlightenment
 x - a potion of ambrosia


   Skills:
 + Level 6.1 Fighting
 * Level 7.5 Long Blades
 - Level 4.0 Armour
 + Level 5.6 Dodging
 + Level 3.4 Invocations


You had 8 spell levels left.
You didn't know any spells.
Your spell library contained the following spells:

 Spells                   Type           Power      Damage    Failure   Level
 Magic Dart               Conj           0%         1d3       30%         1
 Summon Small Mammal      Summ           0%         N/A       30%         1
 Blink                    Tloc           0%         N/A       43%         2
 Searing Ray              Conj           0%         2d4       43%         2
 Call Canine Familiar     Summ           0%         N/A       67%         3
 Summon Guardian Golem    Hex/Summ       0%         N/A       67%         3
 Fulminant Prism          Conj/Hex       0%         3d5       97%         4
 Manifold Assault         Tloc           0%         N/A       97%         4


Dungeon Overview and Level Annotations

Branches:
Dungeon (8/15)             Temple (1/1) D:6           Sewer (visited)
   Lair: D:8-11

Altars:
Ashenzari
Cheibriados
Dithmenos
Fedhas
Gozag
Hepliaklqana
Kikubaaqudgha
Makhleb
Nemelex Xobeh
Okawaru
Qazlal
Ru
Sif Muna
Trog
Uskayaw
Vehumet
Wu Jian
Xom
Yredelemnul

Shops:
D:7 :==([


Innate Abilities, Weirdness & Mutations

You are a tree.
Your roots penetrate the ground, keeping you stationary.
You cannot be teleported.
You are immune to unholy pain and torment.
Your maximum health is greatly increased.
Your equipment is partially melded.
((You have a pair of horns on your head.))
A weak demonic guardian rushes to your aid.
You regenerate magic rapidly.


Message History

You hit the two-headed ogre.
The two-headed ogre is moderately wounded.
The two-headed ogre hits you with a +0 giant club!
The two-headed ogre hits you but does no damage.
You are too injured to fight recklessly!
A two-headed ogre is nearby!
A two-headed ogre is nearby!
You hit the two-headed ogre but do no damage.
The two-headed ogre looks as sick as possible!
The two-headed ogre is moderately wounded.
The two-headed ogre hits you with a +0 giant club!
* * * LOW HITPOINT WARNING * * *
The two-headed ogre hits you with a +0 giant club!!
* * * LOW HITPOINT WARNING * * *
A demonic guardian appears!
You feel much better.
Unknown command.
You hit the two-headed ogre but do no damage.
The two-headed ogre looks as sick as possible!
The two-headed ogre is heavily wounded.
Your ufetubus barely misses the two-headed ogre.
Your ufetubus closely misses the two-headed ogre.
The two-headed ogre hits you with a +0 giant club!
* * * LOW HITPOINT WARNING * * *
The two-headed ogre hits you with a +0 giant club!
* * * LOW HITPOINT WARNING * * *
Unknown command.
You hit the two-headed ogre.
The two-headed ogre looks as sick as possible!
The two-headed ogre is heavily wounded.
Your ufetubus hits the two-headed ogre but does no damage.
Your ufetubus hits the two-headed ogre.
Your ufetubus hits the two-headed ogre but does no damage.
Your ufetubus closely misses the two-headed ogre.
You hit the two-headed ogre.
The two-headed ogre looks as sick as possible!
The two-headed ogre is almost dead.
The two-headed ogre hits you but does no damage.
The two-headed ogre hits you with a +0 giant club!
You die...

#..######......#.#####
#..# #.####.#.# ...# #.#
#.#.# #..# ###.####.#.#
#..####.....##.#.########
.........................
...####.....##.#.########
#.## #.....##.#5##### #.#
#.>.......♣O...# #.#
#.....##+###.#.# #.#
###.............. ..###
#........#.#.#.# ....#
#................ #####
#........#.# #.#.#
#....)## ### ## #
#########.....##
...............#


You could see a two-headed ogre (extremely poisoned, ally target) and a friendly
ufetubus (summoned).

Vanquished Creatures
  3 yaks (D:8)
  A steam dragon (D:6)
  A water moccasin (D:5)
  3 ogres (D:6)
  A sky beast (D:7)
  A gnoll sergeant (D:7)
  2 bullfrogs
  2 scorpions (D:5)
  2 jellies
  An orc priest (D:7)
  A hound (D:6)
  Crazy Yiuf (D:3)
  2 sleepcaps
  Jessica (D:3)
  4 orc wizards (D:7)
  Robin (D:4)
  3 gnolls (D:7)
  9 adders
  2 white imps
  2 ufetubi (D:6)
  2 worms
  2 dart slugs
  12 orcs
  12 endoplasms
  5 giant cockroaches (Sewer)
  17 goblins
  7 hobgoblins
  5 jackals
  14 quokkas
  11 ball pythons
  8 bats
  11 frilled lizards
  10 kobolds
  4 rats
163 creatures vanquished.

Vanquished Creatures (collateral kills)
  Grinder (D:5)
  An iguana (D:5)
  A gnoll (D:7)
  An adder (D:6)
  A goblin (D:3)
  A kobold (D:3)
6 creatures vanquished.

Vanquished Creatures (others)
  A hound (D:6)
1 creature vanquished.

Grand Total: 170 creatures vanquished

Notes
Turn   | Place    | Note
-------+----------+-------------------------------------------
     0 | D:1      | serber55 the Demonspawn Monk began the quest for the Orb.
     0 | D:1      | Reached XP level 1. HP: 18/18 MP: 1/1
   182 | D:1      | Gained mutation: You regenerate magic rapidly. [demonic
                  | ancestry]
   182 | D:1      | Reached XP level 2. HP: 24/24 MP: 2/2
   280 | D:1      | Reached skill level 3 in Long Blades
   886 | D:2      | Reached XP level 3. HP: 17/29 MP: 3/3
   971 | D:2      | Reached skill level 1 in Armour
  1947 | D:3      | Noticed Jessica
  2068 | D:3      | Killed Jessica
  2069 | D:3      | Gained mutation: A weak demonic guardian rushes to your
                  | aid. [demonic ancestry]
  2069 | D:3      | Reached XP level 4. HP: 25/35 MP: 4/4
  2157 | D:3      | Found a runed translucent door.
  2158 | D:3      | Noticed Crazy Yiuf
  2168 | D:3      | Killed Crazy Yiuf
  2287 | D:3      | Found an ornate altar of the Wu Jian Council.
  2463 | D:3      | Gained mutation: You have a pair of small horns on your
                  | head. [demonic ancestry]
  2463 | D:3      | Reached XP level 5. HP: 41/41 MP: 5/5
  2898 | D:4      | Noticed Robin
  2927 | D:4      | Killed Robin
  2930 | D:4      | Reached skill level 4 in Long Blades
  3052 | D:4      | You fall into a shaft and drop 1 floor!
  3052 | D:5      | Entered Level 5 of the Dungeon
  3052 | D:5      | Found a glowing drain.
  3064 | Sewer    | Entered a sewer
  3340 | Sewer    | Reached XP level 6. HP: 34/48 MP: 6/6
  3760 | D:5      | Found a hazy altar of Hepliaklqana.
  3761 | D:5      | Noticed Grinder
  3781 | D:5      | Paralysed by Grinder for 4 turns
  3800 | D:5      | Paralysed by Grinder for 5 turns
  3809 | D:5      | Killed Grinder
  3810 | D:5      | Reached skill level 5 in Long Blades
  3810 | D:5      | Gained mutation: You have a pair of horns on your head.
                  | [demonic ancestry]
  3810 | D:5      | Reached XP level 7. HP: 7/55 MP: 7/7
  4964 | D:6      | Reached skill level 5 in Fighting
  4964 | D:6      | Reached XP level 8. HP: 26/62 MP: 8/8
  4977 | D:6      | Reached skill level 6 in Long Blades
  5291 | D:6      | Found a staircase to the Ecumenical Temple.
  5470 | Temple   | Entered the Ecumenical Temple
  5475 | Temple   | Became a worshipper of Makhleb the Destroyer
  5475 | Temple   | Reached * piety under Makhleb
  5475 | Temple   | Reached ** piety under Makhleb
  5531 | D:6      | Found an ancient bone altar of Kikubaaqudgha.
  5698 | D:7      | Reached skill level 5 in Dodging
  5705 | D:7      | Reached skill level 1 in Invocations
  5880 | D:7      | Found Othriv's Jewellery Boutique.
  5917 | D:7      | Found Xaarinn's Weapon Boutique.
  6047 | D:7      | Found Roxatufu's Jewellery Shop.
  6064 | D:7      | Bought the ring "Fyileun" {rPois rF+} for 442 gold pieces
  6322 | D:7      | Found Tamist's Book Boutique.
  6492 | D:7      | Reached skill level 7 in Long Blades
  6548 | D:7      | Found Yqui's Antique Armour Shop.
  6876 | D:8      | Reached XP level 9. HP: 53/69 MP: 11/11
  7009 | D:8      | Noticed a two-headed ogre
  7024 | D:8      | Slain by a two-headed ogre

Illustrated notes

Levels and vault maps discovered:
D:1:      minmay_arrival_pointy, layout_loops_corners, hangedman_decor_riveting
D:2:      layout_loops_ring, serial_glass, glass_columns_c, glass_columns_a,
          glass_columns_c, glass_columns_b, kennysheep_generic_room_8
D:3:      layout_basic, nzn_wu_jian_contemplation,
          minmay_fractal_squares_gapless_5, uniq_jessica,
          uniq_crazy_yiuf_cottage
D:4:      layout_basic, uniq_menkaure, uniq_blork_the_orc, uniq_eustachio,
          uniq_robin
D:5:      layout_loops_ring, nicolae_hepliaklqana_hazy_memory,
          cheibrodos_sewer_entry_bend, uniq_grinder
D:6:      layout_rooms, lemuel_coloured_pillars_altar,
          minmay_temple_entry_water_ring, bh_walls_and_bars
D:7:      layout_gridville, serial_shops, nicolae_shop_statue_plus,
          nicolae_shop_crystal, shop, shop, kennysheep_little_box, minivault_25
D:8:      layout_basic, chequers_serial_rivers_micro_c, st_stairs_13,
          minmay_tree_intersection, minmay_nine_imps
Temple:   regret_index_temple_chain_breaker

Skill      XL: |  1  2  3  4  5  6  7  8 |
---------------+-------------------------+-----
Long Blades    | 3 4 5 7 |  7.5
Armour         | 1 2 3 4 |  4.0
Dodging        | 3 4 5 |  5.6
Fighting       | 4 5 6 |  6.1
Invocations    | 3 |  3.4

Action                     |  1- 3 |  4- 6 |  7- 9 || total
---------------------------+-------+-------+-------++-------
  Melee: Falchion          |   113 |   197 |   142 ||   452
         Headbutt          |       |    39 |    48 ||    87
    Use: Potion            |       |     6 |     3 ||     9
         Scroll            |       |     6 |     7 ||    13
   Stab: Distracted        |       |       |     1 ||     1
 Armour: Robe              |    43 |    12 |       ||    55
         Leather armour    |       |   100 |    84 ||   184
         Skin              |       |       |    14 ||    14
  Dodge: Dodged            |    71 |   141 |    98 ||   310

Table legend: (Time is in decaauts)
 A = Elapsed time spent in this place.
 B = Non-inter-level travel time spent in this place.
 C = Inter-level travel time spent in this place.
 D = Time resting spent in this place.
 E = Time spent auto-exploring this place.
 F = Levels seen in this place.
 G = Mean time per level.
                   A        B        C        D        E       F      G
               +--------+--------+--------+--------+--------+-----+--------+
         Total |   7107 |   6909 |    198 |   1409 |   4178 |  10 |  710.7 |
       Dungeon |   6578 |   6380 |    198 |   1403 |   3902 |   8 |  822.2 |
        Temple |     10 |     10 |      0 |      0 |      0 |   1 |   10.0 |
         Sewer |    519 |    519 |      0 |      6 |    275 |   1 |  519.0 |
               +--------+--------+--------+--------+--------+-----+--------+

Top non-repeatable levels by time:
     D:5: 1186 daAuts
     D:3: 1019 daAuts
     D:6: 1000 daAuts
     D:7: 944 daAuts
     D:2: 941 daAuts
     D:1: 884 daAuts
   Sewer: 519 daAuts
     D:8: 388 daAuts
     D:4: 212 daAuts
  Temple: 10 daAuts
